 Dungeon Crawl Stone Soup version 0.30-a0-250-g41c1d76940 (webtiles) character file.

Game seed: 15122946865502745753

673 bande the Chopper (level 7, -12/44 HPs)
             Began as a Gargoyle Fighter on Oct 12, 2022.
             Was a Follower of Okawaru.
             Mangled by Prince Ribbit (13 damage)
             ... on level 5 of the Dungeon on Oct 13, 2022.
             The game lasted 00:08:28 (3863 turns).

bande the Chopper (Gargoyle Fighter)                Turns: 3863, Time: 00:08:29

Health: -12/44     AC: 21    Str: 20    XL:     7   Next: 59%
Magic:  9/9        EV:  7    Int:  8    God:    Okawaru [*.....]
Gold:   250        SH:  4    Dex: 11    Spells: 6/6 levels left

rFire   . . .      SeeInvis .    a - +0 war axe
rCold   . . .      Faith    .    c - +0 buckler
rNeg    + . .      Spirit   .    m - +0 chain mail
rPois   ∞          Reflect  .    e - +0 helmet
rElec   +          Harm     .    h - +1 cloak
rCorr   .          Rampage  .    (no gloves)
Will    .....                    f - +2 pair of boots
Stlth   ..........               (no amulet)
HPRegen 0.27/turn                (no ring)
MPRegen 0.11/turn                (no ring)

@: weak-willed
A: sickness immunity, AC +4, negative energy resistance 1, electricity
resistance, torment resistance 1, petrification resistance
a: Renounce Religion, Heroism


You were on level 5 of the Dungeon.
You worshipped Okawaru.
Okawaru was aware of your devotion.
You visited 2 branches of the dungeon, and saw 6 of its levels.

You collected 250 gold pieces.

Inventory:

Hand Weapons
 a - a +0 war axe (weapon)
Armour
 c - a +0 buckler (worn)
 e - a +0 helmet (worn)
 f - a +2 pair of boots (worn)
 h - a +1 cloak (worn)
 m - a +0 chain mail (worn)
Wands
 i - a wand of flame (25)
Scrolls
 g - a scroll of fear
 o - a scroll of amnesia
 p - a scroll of identify
 q - a scroll of blinking {unknown}
Potions
 b - 2 potions of mutation {unknown}
 d - 2 potions of might
 j - a potion of curing {unknown}
 k - 2 potions of flight
 l - a potion of invisibility
 n - a potion of resistance {unknown}


   Skills:
 + Level 4.4 Fighting
 + Level 5.0 Axes
 + Level 4.4 Armour
 + Level 4.2 Shields
 * Level 2.8 Invocations
 * Level 2.1 Evocations


You had 6 spell levels left.
You didn't know any spells.
Your spell library was empty.

Dungeon Overview and Level Annotations

Branches:
Dungeon (5/15)             Temple (1/1) D:4

Altars:
Cheibriados
Elyvilon
Gozag
Kikubaaqudgha
Makhleb
Nemelex Xobeh
Okawaru
Ru
Sif Muna
Vehumet
Wu Jian
Xom
Yredelemnul

Annotations:
D:5 Prince Ribbit


Innate Abilities, Weirdness & Mutations

You are immune to sickness and miasma.
Your stone body is resilient. (AC +4)
You are immune to poison.
You resist negative energy. (rN+)
You are resistant to electric shocks. (rElec)
You are resistant to unholy torment.
You are immune to petrification.


Message History

Prince Ribbit hits you! Prince Ribbit closely misses you.
You slash Prince Ribbit!
Prince Ribbit is heavily wounded.
Prince Ribbit hits you but does no damage.
You closely miss Prince Ribbit.
Prince Ribbit is heavily wounded.
Prince Ribbit hits you! Prince Ribbit closely misses you.
You closely miss Prince Ribbit.
Prince Ribbit is heavily wounded.
Prince Ribbit croaks regally.
Prince Ribbit blinks!
Prince Ribbit hits you but does no damage.
Prince Ribbit hits you but does no damage.
Prince Ribbit barely misses you.
You closely miss Prince Ribbit.
Prince Ribbit is heavily wounded.
Prince Ribbit hits you but does no damage.
You closely miss Prince Ribbit.
Prince Ribbit is heavily wounded.
Prince Ribbit croaks regally.
Prince Ribbit hits you! Prince Ribbit barely misses you.
You closely miss Prince Ribbit.
Prince Ribbit is heavily wounded.
Prince Ribbit hits you but does no damage.
You block Prince Ribbit's attack.
You miss Prince Ribbit.
Prince Ribbit is heavily wounded.
Prince Ribbit hits you.
Prince Ribbit blinks!
Found a whip.
Prince Ribbit hits you but does no damage.
You miss Prince Ribbit.
Prince Ribbit is heavily wounded.
Prince Ribbit hits you!
* * * LOW HITPOINT WARNING * * *
You slash Prince Ribbit!
Prince Ribbit is severely wounded.
Prince Ribbit hits you.
* * * LOW HITPOINT WARNING * * *
Prince Ribbit hits you!
You die...

## ### #### ###.##
##..## ###...##....##
##....#
#............####.....#
...............#..[....
#.............>..<..#
.####................##
.....................#
......F@........###...#
....##..........#
##.... . #...!.......#
.... ............>##
....
...................
....
...................
..!.................
.................#..
.)##......##....###.


You could see Prince Ribbit.

Vanquished Creatures
  4 necrophages (D:4)
  A scorpion (D:4)
  A wight (D:4)
  A centaur zombie (D:4)
  A human zombie (D:4)
  An iguana (D:4)
  A scorpion zombie (D:4)
  3 mummies (D:4)
  6 adders
  2 adder zombies (D:4)
  2 worms (D:2)
  4 dart slugs
  13 endoplasms
  5 giant cockroaches
  13 hobgoblins
  8 jackals
  4 kobolds
  4 quokkas
  8 ball pythons
  3 bats (D:3)
  6 frilled lizards
  9 goblins
  4 rats
104 creatures vanquished.

Notes
Turn   | Place    | Note
-------+----------+-------------------------------------------
     0 | D:1      | bande the Gargoyle Fighter began the quest for the Orb.
     0 | D:1      | Reached XP level 1. HP: 14/14 MP: 1/1
   125 | D:1      | Reached XP level 2. HP: 19/19 MP: 2/2
   450 | D:1      | Reached XP level 3. HP: 24/24 MP: 3/3
   455 | D:1      | Reached skill level 2 in Axes
   778 | D:1      | Found a faded altar of an unknown god.
  1262 | D:2      | Found an iron altar of Okawaru.
  1273 | D:2      | Became a worshipper of Warmaster Okawaru
  1412 | D:2      | Reached XP level 4. HP: 29/29 MP: 4/4
  1908 | D:3      | Reached skill level 3 in Axes
  1979 | D:3      | Reached skill level 1 in Invocations
  1982 | D:3      | Reached XP level 5. HP: 33/33 MP: 5/5
  2704 | D:4      | Reached skill level 1 in Evocations
  2704 | D:4      | Reached XP level 6. HP: 38/38 MP: 7/7
  2769 | D:4      | Reached skill level 4 in Axes
  2782 | D:4      | Found an ancient bone altar of Kikubaaqudgha.
  2797 | D:4      | Reached * piety under Okawaru
  2803 | D:4      | Reached XP level 7. HP: 38/44 MP: 8/8
  3009 | D:4      | Found a staircase to the Ecumenical Temple.
  3086 | Temple   | Entered the Ecumenical Temple
  3244 | D:4      | Reached skill level 5 in Axes
  3826 | D:5      | Entered Level 5 of the Dungeon
  3842 | D:5      | Noticed Prince Ribbit
  3863 | D:5      | HP: 1/44 [Prince Ribbit (6)]
  3863 | D:5      | Mangled by Prince Ribbit

Illustrated notes

Levels and vault maps discovered:
D:1:      zaba_arrival_water, layout_loops_ring, serial_co_window_serial,
          co_window_paths_a, co_window_paths_b, co_window_of_opportunity_a,
          co_window_paths_a, co_window_paths_a, co_window_corner_ca,
          co_window_unsneaky_path_e, co_window_2corner, co_window_corner_cb,
          co_window_cross_3, co_window_broadway_b, co_window_of_opportunity_b,
          co_window_sun, glass_columns_b,
          hellmonk_ecumenical_altar_leap_of_faith, minivault_27
D:2:      layout_rooms, basic_altar
D:3:      layout_loops_ring, kennysheep_nub
D:4:      layout_basic, lemuel_mausoleum_altar_kikubaaqudgha, temple_doors_ab
D:5:      layout_cave_pools, st_stairs_12, grunt_decor_fettered,
          uniq_prince_ribbit1
Temple:   nicolae_temple_no_exploring_needed

Skill      XL: |  1  2  3  4  5  6  7 |
---------------+----------------------+-----
Axes           | 2 3 4 5 |  5.0
Invocations    | 1 2 |  2.8
Fighting       | 4 |  4.4
Armour         | 4 |  4.4
Shields        | 4 |  4.2
Evocations     | 1 2 |  2.1

Action                   |  1- 3 |  4- 6 |  7- 9 || total
-------------------------+-------+-------+-------++-------
Melee: War axe           |   119 |   190 |    80 ||   389
  Use: Scroll            |       |    14 |     1 ||    15
Armor: Scale mail        |    79 |    68 |       ||   147
       Chain mail        |       |    57 |    48 ||   105
Dodge: Dodged            |    36 |    70 |    21 ||   127
Block: Buckler           |    25 |    41 |    16 ||    82

Table legend: (Time is in decaauts)
 A = Elapsed time spent in this place.
 B = Non-inter-level travel time spent in this place.
 C = Inter-level travel time spent in this place.
 D = Time resting spent in this place.
 E = Time spent auto-exploring this place.
 F = Levels seen in this place.
 G = Mean time per level.
                   A        B        C        D        E       F      G
               +--------+--------+--------+--------+--------+-----+--------+
         Total |   4017 |   3920 |     97 |    173 |   2602 |   6 |  669.5 |
       Dungeon |   3999 |   3917 |     82 |    173 |   2602 |   5 |  799.8 |
        Temple |     17 |      2 |     15 |      0 |      0 |   1 |   17.0 |
               +--------+--------+--------+--------+--------+-----+--------+

Top non-repeatable levels by time:
     D:4: 1413 daAuts
     D:1: 1299 daAuts
     D:3: 657 daAuts
     D:2: 589 daAuts
     D:5: 39 daAuts
  Temple: 17 daAuts
